 Dungeon Crawl Stone Soup version 0.31-a0-1-g4198be8af4 (webtiles) character file.

Game seed: 12704087756317567455

235 erniekerbler the Conjurer (level 5, -17/28 HPs)
             Began as a Deep Elf Conjurer on May 1, 2023.
             Killed from afar by an acid dragon (26 damage)
             ... with a splash of acid
             ... on level 5 of the Dungeon.
             The game lasted 00:05:34 (4134 turns).

erniekerbler the Conjurer (Deep Elf Conjurer)       Turns: 4134, Time: 00:05:35

Health: -17/28     AC:  1    Str:  4    XL:     5   Next: 76%
Magic:  20/22      EV: 11    Int: 25    God:
Gold:   168        SH:  0    Dex: 13    Spells: 1/13 levels left

rFire   + . .        p - +2 dagger (elec)
rCold   . . .        (no shield)
rNeg    . . .        m - +2 leather armour of the Comet {rF+ MP+9}
rPois   .            (no helmet)
rElec   .            (no cloak)
rCorr   .            (no gloves)
SInv    .            (no boots)
Will    +....        (no amulet)
Stlth   ++           d - ring of willpower
HPRegen 0.24/turn    (no ring)
MPRegen 0.18/turn

%: no passive effects
@: corroded, studying Polearms
A: no striking features
a: no special abilities


You were on level 5 of the Dungeon.
You visited 1 branch of the dungeon, and saw 5 of its levels.

You collected 168 gold pieces.

Inventory:

Hand Weapons
 o - the +10 long sword of the Unspeakable One {venom, Will++ Stlth-}
   (You found it on level 3 of the Dungeon)

   Will:      It greatly increases your willpower.
   Stlth:     It makes you less stealthy.
 p - a +2 dagger of electrocution (weapon)
Armour
 a - a +0 robe
 m - the +2 leather armour of the Comet (worn) {rF+ MP+9}
   (You found it on level 2 of the Dungeon)

   rF:        It protects you from fire.
   MP:        It affects your magic capacity (+9).
 s - an orb of energy
Jewellery
 d - a ring of willpower (left hand)
 h - an amulet of regeneration
 k - a ring of protection from cold
Wands
 x - a wand of polymorph (6)
Scrolls
 c - a scroll of noise {unknown}
 g - 6 scrolls of identify {unknown}
 i - a scroll of immolation {unknown}
 l - a scroll of teleportation {unknown}
 r - a scroll of vulnerability {unknown}
 w - 2 scrolls of blinking {unknown}
Potions
 b - 2 potions of magic
 e - a potion of resistance {unknown}
 f - a potion of heal wounds {unknown}
 j - a potion of invisibility {unknown}
 n - a potion of haste {unknown}
 q - 3 potions of lignification {unknown}
 t - a potion of flight {unknown}
 u - 2 potions of brilliance {unknown}
 v - a potion of cancellation {unknown}


   Skills:
 + Level 3.3 Dodging
 + Level 3.4 Stealth
 * Level 4.6 Spellcasting
 * Level 5.8 Conjurations
 + Level 1.4 Air Magic
 + Level 1.6 Poison Magic


You had one spell level left.
You knew the following spells:

 Your Spells              Type           Power      Damage    Failure   Level
a - Magic Dart            Conj           100%       1d8       1%          1
b - Searing Ray           Conj           70%        2d7       1%          2
c - Poisonous Vapours     Pois/Air       26%        N/A       12%         2
d - Fulminant Prism       Conj/Hex       10%        3d8       43%         4
e - Dazzling Flash        Conj/Hex       40%        N/A       14%         3

Your spell library contained the following spells:

 Spells                   Type           Power      Damage    Failure   Level
 Mephitic Cloud           Conj/Pois/Air  20%        N/A       14%         3
 Stone Arrow              Conj/Erth      40%        3d9       14%         3
 Tukima's Dance           Hex            5%         N/A       43%         3
 Iskenderun's Mystic Bla  Conj/Tloc      20%        2d6       43%         4
 Animate Armour           Summ/Erth      10%        N/A       83%         4
 Passage of Golubria      Tloc           5%         N/A       83%         4
 Freezing Cloud           Conj/Ice/Air   8%         6-21      83%         5
 Yara's Violent Unravell  Hex/Tmut       2%         3d3       99%         5
 Simulacrum               Ice/Necr       2%         N/A       100%        6
 Ozocubu's Refrigeration  Ice            2%         4d8       100%        7
 Lehudib's Crystal Spear  Conj/Erth      10%        10d4      100%        8
 Polar Vortex             Ice            2%         N/A       100%        9


Dungeon Overview and Level Annotations

Branches:
Dungeon (5/15)
 Temple: D:4-7

Altars:

Shops:
D:2 !   D:4 :![

Annotations:
D:3 3 runed translucent doors, BleedingAnus's ghost, weakling OgFi


Message History

The magic dart hits the endoplasm.
The endoplasm is almost dead.
You can't see any susceptible monsters within range! (Use Z to cast anyway.)
An endoplasm is nearby!
An endoplasm is nearby!
An endoplasm is nearby!
The magic dart hits the endoplasm.
You kill the endoplasm!
You can't see any susceptible monsters within range! (Use Z to cast anyway.)
There is an open door here.
There is an open door here.
Done exploring.
Done exploring.
Done exploring.
You see here a +0 spear.
As you open the door, it creaks loudly!
There is an open door here.
You see here a +0 club.
There is a stone staircase leading down here.
You climb downwards.
There is a stone staircase leading up here.
You open the door.
An acid dragon comes into view.
An acid dragon is nearby!
The magic dart hits the acid dragon.
The acid dragon is lightly wounded.
The acid dragon roars!
The magic dart hits the acid dragon but does no damage.
The acid dragon is lightly wounded.
The magic dart hits the acid dragon.
The acid dragon is lightly wounded.
The acid dragon spits acid at you. The splash of acid hits you!!
Ouch! That really hurt!
* * * LOW HITPOINT WARNING * * *
The acid corrodes you! The acid dragon spits acid at you.
The splash of acid hits you!!
Ouch! That really hurt!
You die...

### #<#
#@# #.#
######.#
#....D.#
#'######
...
.....
#.....
##+##+


You could see an acid dragon (catching breath).

Vanquished Creatures
  An orc priest (D:4)
  Jessica (D:2)
  Robin (D:3)
  3 gnolls (D:3)
  4 adders
  A worm (D:3)
  11 orcs
  11 endoplasms
  A giant cockroach (D:4)
  5 hobgoblins
  11 jackals
  4 quokkas
  3 ball pythons
  6 bats
  2 frilled lizards
  6 goblins
  7 kobolds
  13 rats
91 creatures vanquished.

Notes
Turn   | Place    | Note
-------+----------+-------------------------------------------
     0 | D:1      | erniekerbler the Deep Elf Conjurer began the quest for the
                  | Orb.
     0 | D:1      | Reached XP level 1. HP: 10/10 MP: 6/6
   484 | D:1      | Reached XP level 2. HP: 15/15 MP: 6/8
   776 | D:1      | Reached skill level 5 in Conjurations
  1021 | D:1      | Learned a level 2 spell: Searing Ray
  1024 | D:1      | Learned a level 2 spell: Poisonous Vapours
  1147 | D:2      | Reached XP level 3. HP: 19/19 MP: 4/9
  1265 | D:2      | Found Weet Ken's Distillery.
  1458 | D:2      | Identified the +2 leather armour of the Comet {rF+ MP+9}
  2107 | D:2      | Noticed Jessica
  2111 | D:2      | Killed Jessica
  2112 | D:2      | Reached skill level 1 in Air Magic
  2112 | D:2      | Reached skill level 1 in Poison Magic
  2112 | D:2      | Reached XP level 4. HP: 19/24 MP: 11/11
  2422 | D:3      | Identified the +10 long sword of the Unspeakable One
                  | {venom, Will++ Stlth-}
  2491 | D:3      | Noticed Robin
  2499 | D:3      | Killed Robin
  2562 | D:3      | Found a runed translucent gate.
  2562 | D:3      | Found a runed translucent gate.
  2562 | D:3      | Found a runed translucent gate.
  2567 | D:3      | Noticed BleedingAnus's ghost (weakling OgFi)
  2822 | D:3      | Reached XP level 5. HP: 24/28 MP: 12/13
  3148 | D:3      | Learned a level 4 spell: Fulminant Prism
  3152 | D:3      | Learned a level 3 spell: Dazzling Flash
  3404 | D:4      | Found Ysuot's Antique Armour Shoppe.
  3605 | D:4      | Found Bewkuco's Book Shop.
  3644 | D:4      | Found Wiegeh's Distillery.
  4116 | D:5      | Entered Level 5 of the Dungeon
  4125 | D:5      | Noticed an acid dragon
  4134 | D:5      | Killed from afar by an acid dragon

Illustrated notes

Levels and vault maps discovered:
D:1:      dpeg_arrival_three_smaller_balls, layout_basic, solitary_fountain
D:2:      layout_basic, serial_shops, shop, minmay_misc_feat_nine_boxes,
          kennysheep_generic_room_12, uniq_jessica
D:3:      layout_loops_ring, ebering_ghost_rock_garden, chequers_garden,
          guppyfry_early_lair_pool, uniq_robin
D:4:      layout_basic, serial_shops, shop, nicolae_shop_statue_plus, shop,
          kennysheep_flooded_box, minmay_manual_monstrance
D:5:      wander_guarded_unrand_ratskin, layout_basic, serial_bayou_pond_a,
          minmay_circle_x

Skill      XL: |  1  2  3  4 |
---------------+-------------+-----
Conjurations   | 5 |  5.8
Air Magic      | 1 |  1.4
Poison Magic   | 1 |  1.6
Stealth        | 3 |  3.4
Dodging        | 3 |  3.3
Spellcasting   | 4 |  4.6

Action                     |  1- 3 |  4- 6 || total
---------------------------+-------+-------++-------
   Cast: Magic Dart        |    67 |    93 ||   160
         Searing Ray       |       |     4 ||     4
 Armour: Robe              |     1 |       ||     1
         Leather armour    |       |     2 ||     2
  Dodge: Dodged            |       |     4 ||     4

Table legend: (Time is in decaauts)
 A = Elapsed time spent in this place.
 B = Non-inter-level travel time spent in this place.
 C = Inter-level travel time spent in this place.
 D = Time resting spent in this place.
 E = Time spent auto-exploring this place.
 F = Levels seen in this place.
 G = Mean time per level.
                   A        B        C        D        E       F      G
               +--------+--------+--------+--------+--------+-----+--------+
         Total |   4133 |   4005 |    128 |      0 |   3634 |   5 |  826.6 |
       Dungeon |   4133 |   4005 |    128 |      0 |   3634 |   5 |  826.6 |
               +--------+--------+--------+--------+--------+-----+--------+

Top non-repeatable levels by time:
     D:2: 1278 daAuts
     D:1: 1054 daAuts
     D:3: 1002 daAuts
     D:4: 779 daAuts
     D:5: 17 daAuts
